 Dungeon Crawl Stone Soup version 0.16.2-12-gd0ad4c3 (webtiles) character file.

373 Kloppie the Conjurer (level 6, -11/44 HPs)
             Began as a High Elf Fire Elementalist on Nov 2, 2015.
             Was a Believer of Vehumet.
             Mangled by an ogre
             ... wielding a +0 giant club
              (27 damage)
             ... on level 4 of the Dungeon.
             The game lasted 00:14:25 (4296 turns).

Kloppie the Conjurer (High Elf Fire Elementalist)   Turns: 4296, Time: 00:14:25

Health: -11/44     AC:  5    Str:  7    XL:     6   Next: 43%
Magic:  14/15      EV: 13    Int: 20    God:    Vehumet [**....]
Gold:   137        SH:  0    Dex: 17    Spells: 3 memorised, 1 level left

rFire  . . .     SeeInvis .     D - +0 falchion
rCold  . . .     Clarity  .     a - +0 robe
rNeg   . . .     SustAb   .     (no shield)
rPois  .         Gourm    .     (no helmet)
rElec  .         Spirit   .     w - +1 cloak
rCorr  .         Warding  .     (no gloves)
rMut   .         Stasis   .     r - +0 pair of boots
MR     .....                    (no amulet)
Stlth  ++........               (no ring)
                                (no ring)

@: not resistant to hostile enchantments, unstealthy
A: no striking features
a: Renounce Religion


You were on level 4 of the Dungeon.
You worshipped Vehumet.
Vehumet was pleased with you.
You were not hungry.

You visited 1 branch of the dungeon, and saw 4 of its levels.

You collected 137 gold pieces.

Inventory:

Hand weapons
 h - a +0 short sword
 D - a +0 falchion (weapon)
Armour
 a - a +0 robe (worn)
 r - a +0 pair of boots (worn)
 w - a +1 cloak (worn)
Jewellery
 e - an uncursed ring of ice {unknown}
 g - a cursed ring of teleportation {unknown}
 s - an uncursed ring of flight {unknown}
 C - an uncursed ring of stealth {unknown}
Scrolls
 d - 2 scrolls of remove curse {unknown}
 f - 4 scrolls of identify {unknown}
 j - 4 scrolls of teleportation {unknown}
 l - a scroll of immolation {unknown}
 m - 2 scrolls of enchant armour {unknown}
 n - a scroll of amnesia {unknown}
 q - a scroll of fog {unknown}
 u - 2 scrolls of recharging {unknown}
 y - a scroll of enchant weapon {unknown}
Potions
 i - 4 potions of heal wounds {unknown}
 o - 2 potions of might {unknown}
 p - a potion of degeneration {unknown}
 v - a potion of restore abilities {unknown}
 x - a potion of cancellation {unknown}
 A - a potion of lignification {unknown}
Books
 b - a book of Flames

   Spells                             Type                      Level
   a - Flame Tongue                   Conjuration/Fire             1
   b - Throw Flame                    Conjuration/Fire             2
   c - Conjure Flame                  Conjuration/Fire             3
   d - Inner Flame                    Hexes/Fire                   3
   e - Sticky Flame                   Conjuration/Fire             4
   f - Fireball                       Conjuration/Fire             5
Comestibles
 c - 4 bread rations
 k - 3 meat rations
 t - 2 slices of pizza
 z - a chunk of flesh
 B - 4 fruits


   Skills:
 + Level 4.4 Fighting
 - Level 2.1 Dodging
 - Level 2.1 Stealth
 - Level 2.4 Spellcasting
 + Level 5.2 Conjurations
 - Level 3.0 Fire Magic


You had one spell level left.
You knew the following spells:

 Your Spells              Type           Power        Failure   Level  Hunger
a - Flame Tongue          Conj/Fire      ###..        2%          1    #......
b - Conjure Flame         Conj/Fire      ###.....     10%         3    ###....
c - Sticky Flame          Conj/Fire      ###.....     30%         4    #####..


Dungeon Overview and Level Annotations

Branches:
Dungeon (4/15)
 Temple: D:4-7

Altars:
Cheibriados
Okawaru
Vehumet
Yredelemnul
Zin


Message History

Casting: Flame Tongue
Confirm with . or Enter, or press ? or * to list all spells.
Aiming: Flame Tongue
Press: ? - help, Shift-Dir - straight line, f - ogre
Aim: an ogre, wielding a giant club The flame tongue hits the ogre.
The ogre is lightly wounded.
Casting: Flame Tongue
Confirm with . or Enter, or press ? or * to list all spells.
Aiming: Flame Tongue
Press: ? - help, Shift-Dir - straight line, f/p - ogre
Aim: an ogre, wielding a giant club (lightly wounded)
The flame tongue hits the ogre.
The ogre is moderately wounded.
The ogre hits you with a giant club!!
Ouch! That really hurt!
* * * LOW HITPOINT WARNING * * *
The ogre hits you with a giant club!!
Ouch! That really hurt!
You die...

....#######.##.#.#.#......##.####
....#######.##.#.#.#.##.......#
..........#.##.#.#.#.##########
....#####.#..#.#.#.#......)...#
.#### #.##.#...#.##########.# .#
#.#......#.# #.......# .#####
##.#..###.#.# #.......### .....#
#......##O..####.....รท....
.....# #......##@##...........###
.....# #......##................#
.....# #......#...............#.#
.##### ##.#.#.............#####)#
.# #.#...............##....# .#
#........#........##..... .#
#........##.......####### .#####
#............#..<........ ..)..##
#.#.......####.##.#######


You could see an ogre.

Vanquished Creatures
  A scorpion (D:4)
  A hound (D:4)
  2 orc wizards (D:3)
  A centaur skeleton (D:4)
  6 gnolls
  6 adders
  A worm (D:4)
  An adder skeleton (D:4)
  4 giant geckos
  8 orcs
  6 giant cockroaches
  7 goblins
  11 hobgoblins
  11 bats
  4 giant newts
  2 jackals (D:4)
  8 kobolds
  9 rats
  2 ballistomycetes (D:4)
91 creatures vanquished.

Vanquished Creatures (others)
  A bat (D:4)
  A giant spore (D:4)
2 creatures vanquished.

Grand Total: 93 creatures vanquished

Notes
Turn   | Place    | Note
--------------------------------------------------------------
     0 | D:1      | Kloppie, the High Elf Fire Elementalist, began the quest for the Orb.
     0 | D:1      | Reached XP level 1. HP: 11/11 MP: 4/4
   171 | D:1      | Reached skill level 1 in Fighting
   502 | D:1      | Reached XP level 2. HP: 18/18 MP: 4/6
  1041 | D:2      | Found a glowing silver altar of Zin.
  1041 | D:2      | Found a basalt altar of Yredelemnul.
  1041 | D:2      | Found a snail-covered altar of Cheibriados.
  1042 | D:2      | Found a radiant altar of Vehumet.
  1050 | D:2      | Became a worshipper of Vehumet
  1123 | D:2      | Reached XP level 3. HP: 18/24 MP: 2/8
  1330 | D:2      | Learned a level 3 spell: Conjure Flame
  1350 | D:2      | Reached XP level 4. HP: 24/30 MP: 6/11
  2128 | D:3      | Acquired Vehumet's first power
  2128 | D:3      | Offered knowledge of Sandblast by Vehumet.
  2912 | D:3      | Reached skill level 4 in Conjurations
  2912 | D:3      | Reached XP level 5. HP: 22/36 MP: 5/12
  3378 | D:4      | Offered knowledge of Magic Dart by Vehumet.
  3682 | D:4      | Reached XP level 6. HP: 24/43 MP: 2/15
  3920 | D:4      | Reached skill level 5 in Conjurations
  3931 | D:4      | Learned a level 4 spell: Sticky Flame
  4012 | D:4      | Found an iron altar of Okawaru.
  4296 | D:4      | Mangled by an ogre

Action                   |  1- 3 |  4- 6 || total
-------------------------+-------+-------++-------
Melee: Dagger            |    70 |       ||    70
       Unarmed           |     8 |       ||     8
       Short sword       |    28 |   117 ||   145
       Falchion          |       |    22 ||    22
 Cast: Flame Tongue      |    19 |    88 ||   107
 Stab: Sleeping          |     1 |     3 ||     4
  Eat: Chunk             |     1 |    10 ||    11
